Map: Disco Bloodbath LE

Players

souL - Winner!

  • Race: Terran Terran
  • Spawn Location: 9:00

Miharu

  • Race: Zerg Zerg
  • Spawn Location: 3:00

VOD

Have the link to the VOD?

Description

Time

  • Played on: Sept. 6, 2019, 12:53 p.m.
  • Length: 8:59
Show
View Real Time Build Order
Export as new Build Order

souL Terran - Winner!

Build Orders: Liberator Opening, Reaper Expand 

Get SALT Encoding   

  12  0:00  SCV  
  13  0:13  SCV  
  14  0:16  Supply Depot  
  14  0:25  SCV  
  15  0:38  SCV  
  15  0:39  Barracks  
  16  0:43  Refinery  
  16  0:50  SCV  
  17  1:02  SCV  
  18  1:14  SCV  
  19  1:26  Orbital Command  
  19  1:28  Reaper  
  20  1:42  Command Center  
  20  1:51  Supply Depot  
  20  1:53  SCV  
  21  1:59  Marine  
  22  2:05  Factory  
  22  2:08  SCV  
  22  2:14  Refinery  
  23  2:20  SCV  
  23  2:22  Barracks Reactor  
  23  2:33  SCV  
  24  2:44  Barracks Reactor  
  24  2:50  SCV  
  25  2:53  Starport  
  25  2:55  Factory Tech Lab  
  25  3:02  SCV  
  26  3:05  Orbital Command  
  26  3:12  Liberator  
  26  3:14  SCV  
  26  3:19  Supply Depot  
  27  3:26  SCV, Hellion x2  
  32  3:30  Marine  
  32  3:32  SCV  
  37  3:38  SCV  
  38  3:43  Stimpack, Supply Depot  
  38  3:44  SCV  
  38  3:48  Marine  
  40  3:50  SCV  
  40  3:52  Hellion  
  40  3:55  Hellion  
  45  3:56  SCV  
  45  4:02  SCV  
  47  4:06  Supply Depot  
  47  4:07  Barracks  
  47  4:09  SCV  
  48  4:13  Hellion  
  48  4:16  Hellion  
  52  4:17  SCV  
  52  4:21  SCV  
  52  4:23  Marine  
  55  4:29  SCV  
  56  4:35  Command Center  
  56  4:42  Starport Reactor  
  56  4:47  SCV  
  56  4:48  Barracks, Factory Reactor  
  56  4:51  SCV, Supply Depot  
  58  4:56  Marine  
  58  4:59  SCV  
  60  5:02  Marine  
  60  5:04  SCV  
  59  5:11  SCV  
  59  5:12  Supply Depot  
  59  5:13  Supply Depot  
  60  5:14  Marine x2  
  60  5:19  Medivac x2  
  60  5:20  Marine  
  65  5:22  Combat Shield  
  63  5:32  Marine x2, SCV x2, Engineering Bay  
  63  5:34  Engineering Bay  
  66  5:38  Marine  
  66  5:40  Factory Tech Lab  
  66  5:41  Refinery  
  67  5:43  Marine x2, Refinery  
  67  5:44  SCV, Supply Depot  
  67  5:48  Orbital Command  
  70  5:50  Marine x2  
  70  5:55  Marine  
  73  6:00  Medivac x2  
  73  6:01  Marine x2  
  73  6:03  SCV  
  80  6:04  SCV  
  80  6:06  Terran Infantry Weapons Level 1  
  81  6:11  Marine x2, Terran Infantry Armor Level 1  
  81  6:13  Marine  
  81  6:17  Orbital Command  
  84  6:18  SCV  
  84  6:19  SCV  
  86  6:26  Marine  
  86  6:30  Medivac  
  86  6:31  SCV x2  
  91  6:35  Marine x2  
  91  6:36  Marine  
  91  6:39  Siege Tank  
  97  6:43  SCV x3  
  97  6:47  Supply Depot  
  100  6:50  Marine  
  100  6:53  Marine  
  91  6:55  SCV x3  
  91  6:58  Marine  
  91  7:00  Marine, Supply Depot  
  96  7:01  Marine  
  96  7:07  SCV x3  
  96  7:08  Marine  
  100  7:10  Supply Depot  
  100  7:11  Marine  
  100  7:14  Siege Tank  
  103  7:16  Marine  
  103  7:18  Marine  
  103  7:19  Marine, SCV  
  103  7:20  SCV  
  99  7:27  Barracks, SCV  
  99  7:28  Barracks  
  100  7:36  Supply Depot  
  100  7:37  Marine x4, Supply Depot  
  100  7:38  Supply Depot  
  100  7:39  Marine, Armory  
  105  7:54  Marine  
  105  7:55  Marine x3  
  105  7:56  Marine  
  110  8:01  SCV x3  
  113  8:10  Command Center  
  113  8:11  Supply Depot  
  113  8:12  Marine x3, Siege Tank  
  116  8:13  SCV x3  
  116  8:14  Marine x2  
  116  8:16  Barracks Reactor x2  
  124  8:23  Refinery  
  124  8:24  Refinery  
  124  8:25  SCV  
  122  8:30  Marine x3  
  122  8:32  Marine x2  
  122  8:33  SCV x2  
  129  8:37  SCV  
  130  8:45  SCV x2  
  130  8:47  Supply Depot  
Show
View Real Time Build Order
Export as new Build Order

Miharu Zerg 

Build Orders: Pool First 

Get SALT Encoding   

  12  0:01  Drone  
  13  0:12  Overlord  
  13  0:16  Drone  
  14  0:33  Drone  
  14  0:34  Drone  
  16  0:45  Spawning Pool  
  16  0:47  Drone  
  16  1:06  Hatchery  
  16  1:09  Drone  
  16  1:32  Zergling x6  
  19  1:36  Queen  
  21  1:50  Hatchery  
  20  1:55  Drone  
  20  2:00  Drone  
  20  2:01  Extractor  
  21  2:05  Drone  
  22  2:15  Overlord  
  22  2:27  Drone x2  
  22  2:29  Drone  
  25  2:36  Drone  
  26  2:40  Drone  
  26  2:48  Drone  
  26  2:50  Drone x4  
  29  2:55  Queen  
  31  3:01  Zergling x2  
  31  3:02  Zergling x2  
  33  3:08  Metabolic Boost  
  33  3:15  Drone x2  
  35  3:24  Queen  
  37  3:28  Queen  
  37  3:32  Queen  
  41  3:34  Overlord  
  41  3:38  Drone  
  42  3:53  Drone x2  
  44  3:59  Drone x2  
  46  4:09  Drone x3  
  49  4:10  Drone  
  50  4:17  Overlord x2  
  50  4:20  Lair  
  50  4:24  Baneling Nest  
  49  4:26  Drone  
  49  4:28  Evolution Chamber  
  49  4:30  Zergling x2  
  50  4:32  Overlord x2  
  50  4:35  Queen  
  52  4:40  Extractor  
  52  4:41  Drone x2  
  52  4:44  Drone x2  
  52  5:09  Zergling x12, Zerg Melee Weapons Level 1  
  52  5:10  Zergling x4  
  57  5:28  Drone x3  
  57  5:29  Drone x2  
  57  5:33  Queen x2  
  57  5:34  Queen, Hydralisk Den  
  66  5:45  Drone x4  
  66  5:47  Drone  
  66  5:48  Drone x2  
  66  5:49  Extractor  
  72  5:53  Overseer  
  72  5:55  Overseer  
  72  6:07  Hatchery  
  72  6:08  Zergling x4  
  72  6:10  Overlord  
  73  6:21  Baneling  
  73  6:22  Baneling x5  
  73  6:32  Zergling x16  
  73  6:33  Zergling x10  
  66  6:59  Zergling x2  
  66  7:00  Zergling x12  
  73  7:03  Zerg Ground Armor Level 1  
  67  7:10  Zergling x4  
  64  7:34  Drone x2  
  64  7:36  Drone  
  64  7:37  Drone x2  
  68  7:44  Hatchery  
  68  7:47  Drone  
  68  7:48  Drone x3  
  70  7:55  Drone  
  70  7:56  Drone x3  
  71  8:06  Baneling x2  
  71  8:07  Baneling x5  
  71  8:08  Zergling x6  
  71  8:22  Hatchery  
  65  8:37  Zergling x2  
  65  8:38  Zergling x4  
Tags
 
Add a new tag
Caveats
  • Supply blocks, unpowered buildings, or Contaminate may cause inaccurate times.
  • Supply counts are checked every 10 seconds.